Map: New Repugnancy LE

Players

TiPtOP - Winner!

  • Race: Terran Terran
  • League: Silver
  • Spawn Location: 7:00

jimmy

  • Race: Terran Terran
  • Spawn Location: 1:00

VOD

Have the link to the VOD?

Description

Time

  • Played on: May 11, 2019, 11:42 p.m.
  • Length: 14:53
Show
View Real Time Build Order
Export as new Build Order

TiPtOP Terran - Winner!

Build Orders:  

Get SALT Encoding   

  12  0:01  SCV  
  13  0:13  SCV  
  14  0:19  Supply Depot  
  14  0:25  SCV  
  15  0:41  SCV  
  16  0:45  Barracks  
  16  0:53  SCV  
  17  0:57  Refinery  
  17  1:07  SCV  
  18  1:19  SCV  
  18  1:25  Barracks  
  19  1:32  Orbital Command  
  19  1:45  Barracks Reactor  
  19  1:56  Supply Depot  
  19  1:58  SCV  
  20  2:22  Marine  
  20  2:23  Marine  
  20  2:26  Command Center  
  22  2:30  Supply Depot  
  22  2:35  Barracks Tech Lab  
  22  2:47  Barracks  
  22  2:54  SCV  
  22  2:56  Marine  
  22  2:57  Marine x2  
  26  3:02  Stimpack  
  26  3:10  SCV  
  27  3:24  Marine x3  
  30  3:33  SCV  
  31  3:44  Barracks Reactor  
  31  3:46  SCV  
  32  3:48  Marine x3  
  35  3:59  Factory  
  35  4:03  Refinery  
  35  4:04  SCV  
  36  4:10  SCV  
  36  4:13  Marine  
  36  4:14  Marine x2  
  36  4:16  SCV  
  41  4:21  Marine x2  
  41  4:22  SCV  
  44  4:30  SCV  
  45  4:34  Marine x3  
  48  4:42  SCV  
  48  4:45  Starport  
  49  4:47  Factory Tech Lab  
  49  4:49  Factory Reactor  
  49  4:54  Marine x4  
  49  4:55  Marine  
  54  5:02  Supply Depot  
  54  5:04  Supply Depot  
  54  5:23  Marine x3  
  54  5:25  Supply Depot  
  54  5:27  Supply Depot  
  57  5:34  Medivac x2  
  61  5:40  Factory Tech Lab  
  61  5:41  Marine x5  
  66  5:49  Supply Depot  
  66  5:55  Engineering Bay  
  66  5:58  Marine  
  66  5:59  SCV, Marine x2  
  66  6:01  SCV  
  71  6:11  SCV  
  72  6:13  SCV  
  73  6:21  Marine x4  
  73  6:22  Engineering Bay, Marine  
  73  6:23  SCV  
  73  6:25  SCV  
  80  6:29  Supply Depot  
  80  6:34  Refinery  
  80  6:35  Siege Tank, SCV  
  80  6:39  Marine  
  85  6:43  Terran Infantry Weapons Level 1  
  85  6:51  Missile Turret  
  85  6:52  SCV x2  
  86  8:15  Liberator x2  
  86  8:28  Marine  
  86  8:29  Marine x4  
  86  8:30  Siege Tank  
  98  8:46  Marine  
  97  9:02  Siege Tank  
  99  9:14  Medivac  
  101  9:25  Command Center  
  101  9:26  Supply Depot  
  101  9:27  Supply Depot  
  101  9:29  Supply Depot  
  101  9:30  Terran Infantry Armor Level 1  
  101  9:32  Marine  
  102  9:47  Marine x4, Medivac  
  102  9:50  Marine  
  109  10:11  SCV  
  109  10:12  SCV  
  111  10:15  Supply Depot  
  111  10:19  Supply Depot  
  111  10:24  Missile Turret, SCV  
  112  10:43  Missile Turret  
  112  10:45  Missile Turret  
  112  11:05  Missile Turret  
  112  11:06  Missile Turret  
  100  11:27  Missile Turret  
  100  11:32  Missile Turret  
  100  11:33  Marine  
  100  11:34  Marine x4  
  105  11:49  Missile Turret  
  105  11:51  Marine x2  
  107  11:54  Missile Turret  
  71  12:11  Marine x4  
  71  12:12  Marine  
  73  12:29  Marine  
  74  12:37  Marine  
  74  12:38  Marine x3  
  78  12:47  Marine  
  79  12:55  Marine x2  
  79  12:56  Marine x2  
  83  13:04  Marine  
  84  13:13  Marine x3  
  84  13:14  Marine  
  88  13:22  Marine  
  89  13:31  Marine x2  
  91  13:44  Marine x3  
  91  13:47  Siege Tank  
  97  13:49  Marine x2  
  99  14:02  Marine x3  
  102  14:07  Marine x2  
  104  14:19  Siege Tank  
  104  14:28  Marine x5  
Show
View Real Time Build Order
Export as new Build Order

jimmy Terran 

Build Orders:  

Get SALT Encoding   

  12  0:12  Supply Depot  
  12  0:14  SCV  
  13  0:26  SCV  
  14  0:38  SCV  
  15  0:43  Supply Depot  
  15  0:50  SCV  
  16  1:02  SCV  
  17  1:08  Engineering Bay  
  17  1:15  SCV  
  17  1:16  Supply Depot  
  18  1:26  Refinery  
  18  1:27  SCV  
  19  1:33  Refinery  
  19  1:39  SCV  
  20  1:44  Barracks  
  20  1:51  SCV  
  20  1:52  Supply Depot  
  21  2:03  SCV  
  22  2:15  SCV  
  23  2:27  SCV, Terran Infantry Weapons Level 1  
  24  2:32  Supply Depot  
  24  2:35  Barracks Reactor  
  24  2:39  SCV  
  25  3:02  Factory  
  25  3:08  Supply Depot  
  25  3:31  Bunker  
  25  3:40  Refinery  
  25  3:42  Marine  
  25  3:43  Marine  
  25  3:47  Refinery  
  27  4:00  Marine x2, Supply Depot  
  29  4:13  Factory Tech Lab  
  29  4:18  Marine x2  
  29  4:21  Terran Infantry Armor Level 1  
  31  4:27  Command Center  
  31  4:33  Siege Tank  
  31  4:36  Marine x2  
  36  4:56  Bunker  
  36  5:06  Siege Tank  
  39  5:10  Supply Depot  
  39  5:16  Orbital Command  
  39  5:38  Siege Tank  
  39  5:40  Missile Turret  
  42  5:59  SCV  
  43  6:11  SCV  
  43  6:15  Hi-Sec Auto Tracking  
  44  6:20  SCV  
  44  6:23  SCV  
  46  6:29  Supply Depot  
  46  6:32  SCV, Marine  
  47  6:33  Marine  
  47  6:36  SCV  
  50  6:41  Infernal Pre-Igniter  
  50  6:44  SCV  
  51  6:48  SCV  
  51  6:50  Marine x2  
  54  6:56  SCV  
  55  7:08  SCV, Marine x2  
  58  7:17  Barracks  
  58  7:23  Supply Depot  
  58  7:27  SCV  
  59  7:39  SCV  
  60  7:51  Missile Turret, SCV  
  50  8:00  Mag-Field Accelerator  
  50  8:03  SCV  
  44  8:08  Missile Turret  
  41  8:15  SCV  
  28  8:40  Barracks Tech Lab  
  27  9:20  SCV  
  28  9:32  SCV  
  29  9:42  SCV  
  29  9:44  SCV  
  31  9:50  Barracks Reactor  
  31  9:54  SCV  
  31  9:56  SCV  
  33  10:06  SCV  
  34  10:08  SCV  
  35  10:18  SCV  
  35  10:20  SCV  
  37  10:30  SCV  
  37  10:31  Combat Shield  
  37  10:32  SCV  
  39  10:37  Marine x2  
  41  10:44  SCV  
  41  10:48  Siege Tank  
  45  10:55  Marine x2  
  45  10:57  SCV  
  48  10:59  Marauder  
  50  11:09  SCV  
  51  11:13  Marine x2  
  53  11:20  Marauder  
  55  11:29  Siege Tank  
  55  11:31  Marine x2  
  60  11:38  Engineering Bay  
  60  11:41  Marine  
  61  11:48  Marine  
  61  11:49  Marine  
  61  11:50  Stimpack  
  58  11:59  Marine  
  59  12:06  Marine x2  
  55  12:17  Marine  
  55  12:22  Missile Turret  
  43  12:52  Siege Tank  
  46  13:01  Marauder  
  46  13:04  Marine x2  
  41  13:22  Missile Turret, Marine x2  
  41  13:23  Marauder  
  37  13:40  Marine x2  
  39  13:44  Marauder  
  31  13:58  Marine x2  
  23  14:04  Missile Turret  
  23  14:06  Marauder  
  24  14:13  Missile Turret  
  24  14:15  Marine  
  24  14:16  Marine  
  14  14:36  Missile Turret  
Tags
 
Add a new tag
Caveats
  • Supply blocks, unpowered buildings, or Contaminate may cause inaccurate times.
  • Supply counts are checked every 10 seconds.